 Dungeon Crawl Stone Soup version 0.29-a0-723-gce39da1c22 (webtiles) character file.

Game seed: 13133364526289495694

13584 Mgcat the Cleaver (level 12, -8/130 HPs)
             Began as an Ogre Fighter on June 28, 2022.
             Was a Priest of Qazlal.
             Mangled by a dire elephant simulacrum (9 damage)
             ... in an ice cave.
             The game lasted 00:20:52 (14966 turns).

Mgcat the Cleaver (Ogre Fighter)                   Turns: 14966, Time: 00:20:52

Health: -8/130     AC:  6    Str: 27    XL:     12   Next: 7%
Magic:  18/18      EV: 14    Int:  9    God:    Qazlal [***...]
Gold:   396        SH: 14    Dex:  8    Spells: 11/11 levels left

rFire   . . .      SeeInvis .   a - +4 war axe
rCold   . . .      Faith    .   c - +1 kite shield
rNeg    . . .      Spirit   .   g - +0 troll leather armour {regen}
rPois   .          Reflect  .   (helmet restricted)
rElec   .          Harm     .   h - +0 cloak
rCorr   .          Rampage  .   (gloves unavailable)
Will    ++...                   (boots unavailable)
Stlth   +.........              (no amulet)
HPRegen 1.11/turn               k - +4 ring of evasion
MPRegen 0.16/turn               J - ring of willpower

@: hasted, very quick
A: large, unfitting armour, tough skin 1
a: Renounce Religion, Upheaval, Elemental Force


You were in an ice cave.
You worshipped Qazlal.
Qazlal was most pleased with you.
You visited 2 branches of the dungeon, and saw 12 of its levels.
You also visited: Ice Cave.

You collected 686 gold pieces.
You spent 290 gold pieces at shops.

Inventory:

Hand Weapons
 a - a +4 war axe (weapon)
 e - a +4 scimitar of flaming
   (You took it off Erica on level 10 of the Dungeon)
 C - the +7 whip "Gram" {flame, SInv}
   (You found it on level 5 of the Dungeon)

   It burns those it strikes, dealing additional fire damage.
   SInv:      It lets you see invisible.
Missiles
 E - 4 throwing nets {=f, !d}
Armour
 c - a +1 kite shield (worn)
 g - a +0 troll leather armour (worn) {regen}
   (You found it on level 9 of the Dungeon)
 h - a +0 cloak (worn)
   (You took it off Maurice on level 8 of the Dungeon)
Jewellery
 f - a ring of positive energy {rN+}
   (You found it on level 1 of the Dungeon)
 k - a +4 ring of evasion (left hand)
   (You found it on level 1 of the Dungeon)
 J - a ring of willpower (right hand)
   (You found it on level 9 of the Dungeon)
Wands
 t - a wand of mindburst (20)
   (You took it off Maurice on level 8 of the Dungeon)
 G - a wand of digging (6)
   (You found it on level 8 of the Dungeon)
Scrolls
 b - a scroll of fog
 j - a scroll of poison {!r}
 u - 7 scrolls of teleportation
 y - 2 scrolls of immolation {!r}
 A - a scroll of silence
 B - 4 scrolls of blinking {!r}
 D - 4 scrolls of fear
 F - a scroll of vulnerability {!r!r}
Potions
 d - 4 potions of curing
 l - 5 potions of mutation {unknown}
 m - 2 potions of magic {unknown}
 o - 3 potions of attraction {!q}
 p - a potion of cancellation
 q - a potion of flight {unknown}
 r - a potion of invisibility {unknown}
 s - 2 potions of berserk rage {!q}
 v - 3 potions of lignification {!q}
 x - 4 potions of brilliance
 H - a potion of resistance {unknown}


   Skills:
 + Level 11.1 Fighting
 * Level 11.4 Axes
 + Level 2.2 Armour
 - Level 7.1 Dodging
 + Level 8.4 Shields
 + Level 8.4 Invocations


You had 11 spell levels left.
You didn't know any spells.
Your spell library contained the following spells:

 Spells                   Type           Power      Damage    Failure   Level
 Summon Small Mammal      Summ           0%         N/A       65%         1
 Call Canine Familiar     Summ           0%         N/A       95%         3
 Gell's Gravitas          Tloc           0%         N/A       95%         3
 Summon Guardian Golem    Hex/Summ       0%         N/A       95%         3
 Teleport Other           Tloc           0%         N/A       95%         3
 Animate Dead             Necr           0%         N/A       100%        4
 Summon Lightning Spire   Summ/Air       0%         N/A       100%        4
 Borgnjor's Vile Clutch   Necr/Erth      0%         N/A       100%        5
 Death Channel            Necr           0%         N/A       100%        6
 Dispersal                Tloc           0%         N/A       100%        6
 Storm Form               Tmut/Air       0%         N/A       100%        7
 Maxwell's Capacitive Co  Air            0%         ∞         100%        8


Dungeon Overview and Level Annotations

Branches:
Dungeon (11/15)            Temple (1/1) D:6            Lair (0/6) D:9
  IceCv (1/1)
    Orc: D:9-12

Altars:
Ashenzari
Hepliaklqana
Makhleb
Nemelex Xobeh
Okawaru
Qazlal
Trog
Xom
The Shining One

Shops:
D:3 ?   D:4 !   D:5 [   D:9 [


Innate Abilities, Weirdness & Mutations

You are too large for most types of armour.
You have tough skin. (AC +1)


Message History

The cane toad simulacrum barely misses you.
Danger x5: cane toad simulacrum x2, white ugly thing, death yak simulacrum, dire elephant simulacrum!
Unknown command.
Danger x5: cane toad simulacrum x2, white ugly thing, death yak simulacrum, dire elephant simulacrum!
Unknown command.
Danger x5: cane toad simulacrum x2, white ugly thing, death yak simulacrum, dire elephant simulacrum!
Unknown command.
Danger x5: cane toad simulacrum x2, white ugly thing, death yak simulacrum, dire elephant simulacrum!
You slash the cane toad simulacrum!
The cane toad simulacrum vaporises!
Qazlal accepts your kill.
Danger x4: cane toad simulacrum, white ugly thing, death yak simulacrum, dire elephant simulacrum!
Unknown command.
Danger x4: cane toad simulacrum, white ugly thing, death yak simulacrum, dire elephant simulacrum!
Unknown command.
Danger x4: cane toad simulacrum, white ugly thing, death yak simulacrum, dire elephant simulacrum!
Unknown command.
Danger x4: cane toad simulacrum, white ugly thing, death yak simulacrum, dire elephant simulacrum!
You hit the dire elephant simulacrum.
The dire elephant simulacrum is lightly damaged.
Danger x4: cane toad simulacrum, white ugly thing, death yak simulacrum, dire elephant simulacrum!
Unknown command.
Danger x4: cane toad simulacrum, white ugly thing, death yak simulacrum, dire elephant simulacrum!
Unknown command.
Danger x4: cane toad simulacrum, white ugly thing, death yak simulacrum, dire elephant simulacrum!
You slice the white ugly thing!!
The white ugly thing is moderately wounded.
You hit the cane toad simulacrum.
You hit the dire elephant simulacrum but do no damage.
The dire elephant simulacrum barely misses you.
The dire elephant simulacrum misses you.
You block the cane toad simulacrum's attack.
Danger x4: cane toad simulacrum, white ugly thing, death yak simulacrum, dire elephant simulacrum!
Unknown command.
Danger x4: cane toad simulacrum, white ugly thing, death yak simulacrum, dire elephant simulacrum!
Unknown command.
Danger x4: cane toad simulacrum, white ugly thing, death yak simulacrum, dire elephant simulacrum!
You slash the white ugly thing!
The white ugly thing is heavily wounded.
You hit the cane toad simulacrum.
You hit the dire elephant simulacrum but do no damage.
The white ugly thing is engulfed in freezing vapours.
The white ugly thing misses you.
The dire elephant simulacrum tramples you!
You hold your ground!
You block the dire elephant simulacrum's attack.
You take 13 damage, and have 77/130 hp.
Danger x4: cane toad simulacrum, white ugly thing, death yak simulacrum, dire elephant simulacrum!
Unknown command.
Danger x4: cane toad simulacrum, white ugly thing, death yak simulacrum, dire elephant simulacrum!
You hit the white ugly thing but do no damage.
The white ugly thing is severely wounded.
You completely miss the cane toad simulacrum.
You hit the dire elephant simulacrum but do no damage.
You slash the death yak simulacrum! The cane toad simulacrum misses you.
The white ugly thing is engulfed in freezing vapours.
The white ugly thing trunk-slaps you. The white ugly thing freezes you!
You take 21 damage, and have 56/130 hp.
Danger x4: cane toad simulacrum, white ugly thing, death yak simulacrum, dire elephant simulacrum!
Unknown command.
Danger x4: cane toad simulacrum, white ugly thing, death yak simulacrum, dire elephant simulacrum!
You closely miss the white ugly thing.
The white ugly thing is severely wounded.
You barely miss the cane toad simulacrum.
You hit the dire elephant simulacrum.
You hit the death yak simulacrum but do no damage.
You block the cane toad simulacrum's attack.
The death yak simulacrum gores you but does no damage.
The dire elephant simulacrum tramples you!
You hold your ground!
The dire elephant simulacrum trunk-slaps you.
The dire elephant simulacrum freezes you!
* * * LOW HITPOINT WARNING * * *
You take 26 damage, and have 30/130 hp.
Danger x4: cane toad simulacrum, white ugly thing, death yak simulacrum, dire elephant simulacrum!
Unknown command.
Danger x4: cane toad simulacrum, white ugly thing, death yak simulacrum, dire elephant simulacrum!
You closely miss the white ugly thing.
The white ugly thing is severely wounded.
You hit the cane toad simulacrum. You hit the dire elephant simulacrum.
You slash the death yak simulacrum!
The white ugly thing is engulfed in freezing vapours.
You block the white ugly thing's attack.
Danger x4: cane toad simulacrum, white ugly thing, death yak simulacrum, dire elephant simulacrum!
You closely miss the white ugly thing.
The white ugly thing is severely wounded.
You hit the cane toad simulacrum. You slash the dire elephant simulacrum!
You hit the death yak simulacrum but do no damage.
The cane toad simulacrum hits you.
* * * LOW HITPOINT WARNING * * *
The cane toad simulacrum freezes you!
* * * LOW HITPOINT WARNING * * *
The death yak simulacrum completely misses you.
The white ugly thing is engulfed in freezing vapours.
The white ugly thing closely misses you.
The dire elephant simulacrum tramples you!
* * * LOW HITPOINT WARNING * * *
You hold your ground!
The dire elephant simulacrum trunk-slaps you!
You die...

###...
#......
##.......
##........
#.......8.
#.........
#∩∩......)
#Zu.......
#@Z.....8.
##Z.......
##.......
#......
###... ###


You could see a white ugly thing, a death yak simulacrum, a dire elephant
simulacrum and a cane toad simulacrum.

Vanquished Creatures
  5 two-headed ogres
  A deep elf pyromancer (D:8)
  A cyclops (D:11)
  Maurice (D:8)
  2 rime drakes (D:11)
  A komodo dragon (D:10)
  Psyche (D:9)
  A kobold demonologist (D:11)
  4 trolls
  Grinder (D:3)
  Sigmund (D:3)
  A shadow (D:10)
  A vampire (D:11)
  A basilisk (D:9)
  A wraith (D:9)
  4 wyverns
  A steam dragon (D:8)
  Grum (D:8)
  An acid dragon (D:11)
  3 water moccasins
  2 ice beasts
  2 orc warriors
  A sky beast (D:5)
  4 black bears
  2 ogres (D:5)
  4 wolves (D:7)
  2 centaurs
  2 phantoms
  A kobold brigand (D:9)
  6 bullfrogs
  2 necrophages (D:5)
  A cane toad simulacrum (IceCv)
  3 scorpions
  3 wights (D:10)
  7 killer bees
  An electric eel (D:8)
  2 howler monkeys
  6 hounds
  9 jellies
  4 gnoll shamans
  5 orc priests
  Jessica (D:3)
  8 iguanas
  7 orc wizards
  11 gnolls
  8 adders
  A shadow imp (D:5)
  A white imp (D:5)
  2 ufetubi (D:5)
  A worm (D:2)
  4 dart slugs
  27 orcs
  7 ball pythons
  2 bats (D:2)
  5 endoplasms
  3 giant cockroaches
  9 goblins
  5 hobgoblins
  16 kobolds
  6 quokkas
  4 frilled lizards
  3 rats
233 creatures vanquished.

Vanquished Creatures (collateral kills)
  Erica (D:10)
  A yak (D:9)
  A howler monkey (D:9)
3 creatures vanquished.

Vanquished Creatures (others)
  7 plants
7 creatures vanquished.

Grand Total: 243 creatures vanquished

Notes
Turn   | Place    | Note
-------+----------+-------------------------------------------
     0 | D:1      | Mgcat the Ogre Fighter began the quest for the Orb.
     0 | D:1      | Reached XP level 1. HP: 24/24 MP: 1/1
   490 | D:1      | Noticed a golden eye
   492 | D:1      | Found a faded altar of an unknown god.
   493 | D:1      | Noticed a floating eye
   493 | D:1      | Noticed a floating eye
   493 | D:1      | Noticed a great orb of eyes
   499 | D:1      | Reached XP level 2. HP: 29/32 MP: 2/2
   534 | D:1      | Prayed at the altar of an unknown god.
   534 | D:1      | Became a worshipper of Qazlal Stormbringer
   534 | D:1      | Reached * piety under Qazlal
  1035 | D:2      | Reached XP level 3. HP: 39/39 MP: 3/3
  1069 | D:2      | Reached skill level 3 in Dodging
  1292 | D:2      | Reached skill level 1 in Invocations
  1575 | D:2      | Reached skill level 3 in Axes
  1575 | D:2      | Reached XP level 4. HP: 39/49 MP: 4/4
  2168 | D:3      | Noticed Grinder
  2173 | D:3      | Paralysed by Grinder for 3 turns
  2182 | D:3      | Paralysed by Grinder for 2 turns
  2187 | D:3      | Killed Grinder
  2188 | D:3      | Reached skill level 5 in Fighting
  2188 | D:3      | Reached skill level 4 in Axes
  2188 | D:3      | Reached skill level 2 in Invocations
  2188 | D:3      | Reached XP level 5. HP: 32/57 MP: 4/6
  2188 | D:3      | Reached XP level 6. HP: 37/66 MP: 4/7
  2361 | D:3      | Noticed Jessica
  2364 | D:3      | Killed Jessica
  2367 | D:3      | Noticed Sigmund
  2376 | D:3      | Killed Sigmund
  2377 | D:3      | Reached skill level 4 in Shields
  2377 | D:3      | Reached XP level 7. HP: 33/72 MP: 8/8
  2379 | D:3      | Reached ** piety under Qazlal
  2765 | D:3      | Found Devvos's Magic Scroll Shop.
  2797 | D:3      | Bought a scroll of enchant weapon for 75 gold pieces
  2797 | D:3      | Bought a scroll of identify for 20 gold pieces
  2963 | D:3      | Bought a scroll of teleportation for 30 gold pieces
  3203 | D:4      | Found Usetofuf's Distillery.
  3220 | D:4      | Found a hazy altar of Hepliaklqana.
  3411 | D:4      | Reached skill level 3 in Invocations
  3500 | D:4      | Reached skill level 5 in Axes
  3609 | D:4      | Reached skill level 4 in Dodging
  4148 | D:4      | Found a bloodstained altar of Trog.
  4238 | D:5      | Entered Level 5 of the Dungeon
  4244 | D:5      | Reached skill level 6 in Fighting
  4303 | D:5      | Found Akluocsi's Antique Armour Shop.
  4433 | D:5      | Reached XP level 8. HP: 79/83 MP: 10/10
  4883 | D:5      | Found a stormy altar of Qazlal.
  5075 | D:5      | Reached skill level 6 in Axes
  5086 | D:5      | Identified the +7 whip "Gram" {flame, SInv}
  5170 | D:5      | Reached skill level 5 in Shields
  5308 | D:5      | Reached skill level 4 in Invocations
  5605 | D:5      | HP: 19/84 [sky beast (6)]
  5611 | D:5      | Reached skill level 7 in Fighting
  6070 | D:5      | Reached XP level 9. HP: 93/93 MP: 12/12
  6368 | D:5      | Reached skill level 7 in Axes
  6368 | D:5      | Reached skill level 5 in Dodging
  6475 | D:5      | Reached *** piety under Qazlal
  6700 | D:5      | Reached skill level 5 in Invocations
  7345 | D:6      | Found a staircase to the Ecumenical Temple.
  7385 | D:6      | HP: 24/96 [poisoned by a scorpion]
  7590 | Temple   | Entered the Ecumenical Temple
  7739 | D:6      | Reached skill level 8 in Fighting
  7739 | D:6      | Reached skill level 6 in Shields
  8358 | D:6      | Reached skill level 8 in Axes
  8588 | D:6      | Found a shimmering altar of Xom.
  8588 | D:6      | Found a broken altar of Ashenzari.
  8785 | D:5      | Bought a crude robe for 165 gold pieces
  8785 | D:5      | Identified the +1 robe of Jeawuegre {rElec rF- Int-2
                  | Slay+4} (You bought it in a shop on level 5 of the Dungeon)
  8909 | D:7      | HP: 9/96 [orc warrior/+0 scimitar (19)]
  9445 | D:7      | Found an iron altar of Okawaru.
  9472 | D:7      | Reached XP level 10. HP: 106/106 MP: 14/14
  9504 | D:7      | Reached skill level 6 in Invocations
 10078 | D:8      | Noticed a deep elf pyromancer
 10095 | D:8      | Killed a deep elf pyromancer
 10096 | D:8      | Reached skill level 6 in Dodging
 10289 | D:8      | Noticed Grum
 10311 | D:8      | Killed Grum
 10543 | D:7      | HP: 26/106 [poisoned by a killer bee]
 10547 | D:7      | Reached skill level 9 in Fighting
 10907 | D:7      | Reached skill level 9 in Axes
 11188 | D:8      | Noticed Maurice
 11203 | D:8      | Killed Maurice
 11342 | D:8      | Reached skill level 7 in Shields
 11571 | D:8      | Reached **** piety under Qazlal
 11626 | D:8      | Found a burning altar of Makhleb.
 11998 | D:9      | Noticed a two-headed ogre
 12005 | D:9      | Killed a two-headed ogre
 12043 | D:9      | Noticed a two-headed ogre
 12050 | D:9      | Killed a two-headed ogre
 12051 | D:9      | Reached skill level 10 in Axes
 12051 | D:9      | Reached skill level 7 in Invocations
 12051 | D:9      | Reached XP level 11. HP: 94/117 MP: 10/16
 12057 | D:9      | Noticed Psyche
 12069 | D:9      | Killed Psyche
 12400 | D:9      | Reached skill level 10 in Fighting
 12600 | D:9      | Reached skill level 7 in Dodging
 12725 | D:9      | Found a staircase to the Lair.
 12902 | D:9      | Found Onucysaa's Antique Armour Boutique.
 13221 | D:10     | Entered Level 10 of the Dungeon
 13225 | D:10     | Noticed a two-headed ogre
 13232 | D:10     | Killed a two-headed ogre
 13248 | D:9      | HP: 19/118 [troll (12)]
 13725 | D:10     | Noticed a two-headed ogre
 13739 | D:10     | Killed a two-headed ogre
 13933 | D:10     | Noticed Erica
 13941 | D:10     | Killed Erica
 13942 | D:10     | Reached skill level 1 in Armour
 13942 | D:10     | Reached skill level 8 in Shields
 14142 | D:10     | Reached skill level 8 in Invocations
 14321 | D:10     | Reached skill level 11 in Axes
 14329 | D:10     | Found a sparkling altar of Nemelex Xobeh.
 14362 | D:10     | Noticed a two-headed ogre
 14370 | D:10     | Killed a two-headed ogre
 14492 | D:10     | Found a glowing golden altar of the Shining One.
 14757 | D:11     | Noticed a cyclops
 14772 | D:11     | Killed a cyclops
 14781 | D:11     | HP: 25/119 [something (16)]
 14787 | D:11     | HP: 23/119 [something (10)]
 14788 | D:11     | HP: 5/119 [something (8)]
 14904 | D:11     | Reached skill level 11 in Fighting
 14932 | D:11     | Reached skill level 2 in Armour
 14937 | D:11     | Reached XP level 12. HP: 73/130 MP: 18/18
 14938 | D:11     | Found a frozen archway.
 14951 | IceCv    | Entered an ice cave
 14964 | IceCv    | HP: 30/130 [dire elephant simulacrum (16)]
 14966 | IceCv    | HP: 1/130 [dire elephant simulacrum (17)]
 14966 | IceCv    | Mangled by a dire elephant simulacrum

Illustrated notes

Levels and vault maps discovered:
D:1:      elethiomel_arrival_quiet, layout_loops_ring,
          hellmonk_ecumenical_altar_watching_god, st_stairs_2, corner_web_ring
D:2:      layout_loops_ring
D:3:      layout_loops_ring, serial_shops, shop, uniq_jessica, uniq_sigmund,
          uniq_grinder
D:4:      layout_loops_corners, old_standard_altar,
          mainiacjoe_overflow_alcove_2, serial_shops, nicolae_take_the_stairs,
          palyth_stone_intersect, solitary_fountain
D:5:      minmay_razor_zed, layout_cave_pods, general_overflow_altar,
          serial_bayou, serial_bayou_pond_e, serial_bayou_pond_d,
          serial_bayou_pond_d, serial_bayou_pond_b, serial_shops,
          nicolae_inconvenience_store, nrook_mini_vaults, minmay_circle_x
D:6:      layout_basic, gammafunk_temple_overflow_pools,
          minmay_temple_entry_gardened_gates
D:7:      layout_cave_pools, okawaru_gym_becter
D:8:      layout_basic, mainiacjoe_overflow_surrounded_room,
          serial_bayou_lagoon_a, kennysheep_crisscross, uniq_grum, uniq_maurice
D:9:      layout_basic, david_lair_generic, serial_shops,
          nicolae_shop_competitors_out_of_business, uniq_psyche
D:10:     layout_cave_pods, marbit_many_paths, amcnicky_altar_gilded, uniq_erica
D:11:     layout_layer_cave, portal_ice_cave_rime,
          nicolae_qazlal_style_of_elements, uniq_amaemon
Temple:   nicolae_temple_figure_eight
IceCv:    ice_cave_statue_garden_transporter

Skill      XL: |  1  2  3  4  5  6  7  8  9 10 11 |
---------------+----------------------------------+-----
Dodging        | 3 4 5 6 7 |  7.1
Invocations    | 1 2 3 4 5 7 8 |  8.4
Axes           | 3 4 5 6 8 10 11 | 11.4
Fighting       | 5 6 7 8 9 11 | 11.1
Shields        | 4 5 6 7 8 |  8.4
Armour         | 2 |  2.2

Action                   |  1- 3 |  4- 6 |  7- 9 | 10-12 || total
-------------------------+-------+-------+-------+-------++-------
Melee: War axe           |   102 |    59 |   108 |    74 ||   343
       Whip              |       |       |   228 |   173 ||   401
Invok: Elemental Force   |       |       |       |     3 ||     3
       Upheaval          |       |       |       |     1 ||     1
Evoke: Wand              |       |       |     5 |     5 ||    10
  Use: Potion            |       |     2 |       |     6 ||     8
       Scroll            |       |       |    20 |    10 ||    30
Armor: Robe              |    16 |    14 |    28 |    20 ||    78
       Troll leather arm |       |       |       |    11 ||    11
Dodge: Dodged            |    46 |    20 |   179 |   103 ||   348
Block: Kite shield       |    41 |    22 |   196 |   176 ||   435

Table legend: (Time is in decaauts)
 A = Elapsed time spent in this place.
 B = Non-inter-level travel time spent in this place.
 C = Inter-level travel time spent in this place.
 D = Time resting spent in this place.
 E = Time spent auto-exploring this place.
 F = Levels seen in this place.
 G = Mean time per level.
                   A        B        C        D        E       F      G
               +--------+--------+--------+--------+--------+-----+--------+
         Total |  15098 |  14749 |    349 |   3923 |   8898 |  13 | 1161.4 |
       Dungeon |  14965 |  14616 |    349 |   3802 |   8898 |  11 | 1360.5 |
        Temple |    122 |    122 |      0 |    121 |      0 |   1 |  122.0 |
      Ice Cave |     10 |     10 |      0 |      0 |      0 |   1 |   10.0 |
               +--------+--------+--------+--------+--------+-----+--------+

Top non-repeatable levels by time:
     D:5: 2856 daAuts
     D:6: 1683 daAuts
     D:7: 1588 daAuts
     D:9: 1475 daAuts
     D:4: 1393 daAuts
    D:10: 1346 daAuts
     D:3: 1231 daAuts
     D:8: 1206 daAuts
     D:1: 1029 daAuts
     D:2: 1020 daAuts
    D:11: 133 daAuts
  Temple: 122 daAuts
   IceCv: 10 daAuts

Table legend:
 A = Kills in this place as a percentage of kills in entire the game.
 B = Kills by you in this place as a percentage of kills by you in the entire game.
 C = Kills by friends in this place as a percentage of kills by friends in the entire game.
 D = Other kills in this place as a percentage of other kills in the entire game.
 E = Experience gained in this place as a percentage of experience gained in the entire game.
 F = Experience gained in this place divided by the number of levels of this place that you have seen.
                   A       B       C       D       E      F
               +-------+-------+-------+-------+-------+----------------------
         Total | 100.0 | 100.0 | 100.0 |   N/A | 100.0 | 1492.8
       Dungeon |  99.6 |  99.6 | 100.0 |   N/A |  99.6 | 1756.9
      Ice Cave |   0.4 |   0.4 |   0.0 |   N/A |   0.4 |  81.0
               +-------+-------+-------+-------+-------+----------------------
